 Dungeon Crawl Stone Soup version 0.25-a0-283-ge7e91ba8d0 (webtiles) character file.

Game seed: 1383983354504156298, levelgen mode: deterministic

671 Faustar the Conjurer (level 7, -1/50 HPs)
             Began as a Black Draconian Conjurer on Dec 11, 2019.
             Was a Follower of Vehumet.
             Slain by Prince Ribbit (16 damage)
             ... on level 4 of the Dungeon.
             The game lasted 00:15:49 (6455 turns).

Faustar the Conjurer (Black Draconian Conjurer)     Turns: 6455, Time: 00:15:50

Health: -1/50      AC:  6    Str: 14    XL:     7   Next: 32%
Magic:  9/12       EV: 12    Int: 17    God:    Vehumet [*.....]
Gold:   219        SH:  0    Dex: 12    Spells: 6/13 levels left

rFire    . . .     SeeInvis .   w - +3 spear
rCold    . . .     Gourm    .   (no shield)
rNeg     + . .     Faith    .   (armour unavailable)
rPois    .         Spirit   .   (helmet restricted)
rElec    +         Reflect  .   (no cloak)
rCorr    .         Harm     .   (no gloves)
MR       .....                  (no boots)
Stlth    ++........             (no amulet)
HPRegen  0.16/turn              l - +4 ring of strength
MPRegen  0.13/turn              p - ring of positive energy

@: lethally poisoned (-1 -> -1), short of breath
A: breathe lightning, unfitting armour, electricity resistance, cold-blooded, AC
+6
a: Breathe Lightning, Renounce Religion


You were on level 4 of the Dungeon.
You worshipped Vehumet.
Vehumet was aware of your devotion.
You were not hungry.

You visited 2 branches of the dungeon, and saw 6 of its levels.

You collected 219 gold pieces.

Inventory:

Hand Weapons
 q - a cursed -2 short sword
 w - a +3 spear (weapon)
 x - a +3 whip
Jewellery
 l - a +4 ring of strength (left hand)
 p - a ring of positive energy (right hand)
Wands
 y - a wand of digging (5)
Scrolls
 a - 4 scrolls of identify {unknown}
 c - 3 scrolls of magic mapping
 d - a scroll of fear
 f - 6 scrolls of remove curse
 i - 4 scrolls of enchant armour {unknown}
 n - 2 scrolls of enchant weapon {unknown}
 o - 2 scrolls of fog {unknown}
 r - a scroll of noise {unknown}
 s - a scroll of immolation {unknown}
 A - 2 scrolls of amnesia {unknown}
 C - a scroll of random uselessness {unknown}
Potions
 e - a potion of agility
 g - 2 potions of might {unknown}
 h - a potion of heal wounds {unknown}
 j - 2 potions of flight {unknown}
 k - 2 potions of curing {unknown}
 m - a potion of cancellation {unknown}
 t - 2 potions of haste {unknown}
 u - 2 potions of mutation {unknown}
 v - a potion of ambrosia {unknown}
 B - a potion of magic {unknown}
Comestibles
 b - 4 rations


   Skills:
 - Level 1.7 Dodging
 - Level 1.7 Stealth
 - Level 3.7 Spellcasting
 * Level 6.5 Conjurations
 + Level 4.4 Air Magic
 - Level 3.0 Poison Magic


You had 6 spell levels left.
You knew the following spells:

 Your Spells              Type           Power        Failure   Level  Hunger
a - Magic Dart            Conj           ####         1%          1    None
b - Searing Ray           Conj           ####..       1%          2    ##.....
c - Mephitic Cloud        Conj/Pois/Air  ###.....     8%          3    ###....
d - Shock                 Conj/Air       ###.         1%          1    None

Your spell library contained the following spells:

 Spells                   Type           Power        Failure   Level  Hunger
 Conjure Flame            Conj/Fire      ##......     13%         3    ###....
 Dazzling Flash           Conj/Hex       ##....       13%         3    ###....
 Summon Small Mammal      Summ           #...         16%         1    None
 Blink                    Tloc           N/A          24%         2    ##.....
 Call Imp                 Summ           #.......     24%         2    ##.....
 Slow                     Hex            #.......     24%         2    ##.....
 Fulminant Prism          Conj/Hex       ##........   38%         4    ####...
 Iskenderun's Mystic Bla  Conj/Tloc      ##......     38%         4    ####...
 Call Canine Familiar     Summ           #.......     43%         3    ###....
 Summon Guardian Golem    Hex/Summ       #.......     43%         3    ###....
 Summon Lightning Spire   Summ/Air       ##......     54%         4    ####...
 Summon Ice Beast         Ice/Summ       #.......     85%         4    ####...


Dungeon Overview and Level Annotations

Branches:
Dungeon (5/15)             Temple (1/1) D:4

Altars:
Ashenzari
Cheibriados
Dithmenos
Elyvilon
Hepliaklqana
Makhleb
Nemelex Xobeh
Qazlal
Ru
Sif Muna
Trog
Vehumet
Wu Jian
Xom
Zin

Annotations:
D:3 3 runed translucent doors, ch1llma's ghost, amateur HuWn
D:4 1 runed translucent door, Prince Ribbit; astraldaughter's ghost, amateur OpTm


Innate Abilities, Weirdness & Mutations

You can breathe wild blasts of lightning.
Your glossy black scales are hard. (AC +6)
You cannot fit into any form of body armour.
You are resistant to electric shocks. (rElec)
You are cold-blooded and may be slowed by cold attacks.


Message History

You feel sick. The adder misses you. The adder bites you but does no damage.
You feel sick.
There is a stone staircase leading up, spattered with blood here.
Prince Ribbit hits you. x2
You climb upwards.
Level annotation: 1 runed translucent door, astraldaughter's ghost, amateur OpTm
There is a stone staircase leading down here.
Casting: Searing Ray (safe; 1% risk of failure)
Confirm with . or Enter, or press ? or * to list all spells.
Okay, then.
You breathe a wild blast of lightning!
The zap hits you. You resist. The zap hits you but does no damage.
You hear a clap of thunder!
The orb of electricity engulfs you! You resist.
You feel somewhat more hungry. Prince Ribbit hits you!
As you read the scroll labeled HELUECL POINOZ, it crumbles to dust.
You feel momentarily disoriented.
It was a scroll of magic mapping.
You feel sick. Prince Ribbit hits you!
You die...

#.# #. #.##################.
#.##...........(...#.
#.##.#############.#.
#.#............#.#.##
#....#####.#####.#.##
###......#.......#.##
#...###.#######.#.##
###########..@................
#...........F.###.#######.#.##
#.#########.#.###.# ##.#...
#.# #.....#.######...### #.#
###........#E#...#E# #.#
#.#.#.######...### #.#
#.#.#.###......... #.#
#.#.#........_.... #.#
#.#.#####.........


You could see Prince Ribbit.

Vanquished Creatures
  A centaur (D:5)
  A scorpion (D:5)
  2 howler monkeys
  A crimson imp (D:5)
  Natasha (D:3)
  3 orc wizards
  4 worker ants
  A hound skeleton (D:4)
  Robin (D:3)
  3 adders
  4 gnolls
  An adder skeleton (D:5)
  A worm (D:4)
  A dart slug (D:1)
  A leopard gecko (D:4)
  18 orcs
  7 bats
  5 giant cockroaches
  16 goblins
  6 hobgoblins
  8 jackals
  4 kobolds
  2 ball pythons
  4 frilled lizards
  A giant cockroach zombie (D:5)
  A goblin skeleton (D:5)
  A goblin zombie (D:5)
  3 kobold skeletons (D:5)
  An orc skeleton (D:5)
  9 rats
112 creatures vanquished.

Vanquished Creatures (others)
  An orc wizard (D:3)
  3 fungi (D:3)
  A plant (D:3)
5 creatures vanquished.

Grand Total: 117 creatures vanquished

Notes
Turn   | Place    | Note
-------+----------+-------------------------------------------
     0 | D:1      | Faustar the Draconian Conjurer began the quest for the Orb.
     0 | D:1      | Reached XP level 1. HP: 14/14 MP: 3/3
   320 | D:1      | Reached XP level 2. HP: 11/20 MP: 3/5
   324 | D:1      | Learned a level 2 spell: Searing Ray
   823 | D:1      | Reached XP level 3. HP: 26/26 MP: 2/7
  1172 | D:2      | Found a sparkling altar of Nemelex Xobeh.
  1556 | D:2      | Found an ornate altar of the Wu Jian Council.
  1605 | D:2      | Found a white marble altar of Elyvilon.
  1849 | D:2      | Found a glowing silver altar of Zin.
  1849 | D:2      | Noticed an angel
  1850 | D:2      | Found a shimmering altar of Xom.
  1895 | D:3      | Noticed Robin
  2083 | D:3      | Reached XP level 4. HP: 33/33 MP: 1/8
  2120 | D:3      | Reached skill level 5 in Conjurations
  2520 | D:3      | Found a runed translucent gate.
  2520 | D:3      | Found a runed translucent gate.
  2520 | D:3      | Found a runed translucent gate.
  2521 | D:3      | Identified the +5 whip of Abroif {venom, +Blink rElec SInv}
  2521 | D:3      | Noticed a big kobold
  2522 | D:3      | Noticed ch1llma's ghost (amateur HuWn)
  2523 | D:3      | Noticed a big kobold
  2604 | D:3      | Noticed Natasha
  2746 | D:3      | Killed Natasha
  2866 | D:3      | Reached XP level 5. HP: 38/38 MP: 7/10
  3113 | D:3      | Learned a level 3 spell: Mephitic Cloud
  3388 | D:3      | Killed Robin
  3663 | D:4      | Found a staircase to the Ecumenical Temple.
  3833 | D:4      | Reached skill level 1 in Air Magic
  3833 | D:4      | Reached skill level 1 in Poison Magic
  4020 | Temple   | Entered the Ecumenical Temple
  4095 | Temple   | Became a worshipper of Vehumet
  4142 | D:4      | Noticed an air elemental
  4144 | D:4      | Found a stormy altar of Qazlal.
  4148 | D:4      | Noticed a fire elemental
  4148 | D:4      | Noticed a water elemental
  4266 | D:4      | Reached XP level 6. HP: 37/45 MP: 7/11
  4607 | D:4      | Found a runed translucent door.
  4607 | D:4      | Noticed astraldaughter's ghost (amateur OpTm)
  5133 | D:5      | Entered Level 5 of the Dungeon
  5916 | D:5      | Reached skill level 6 in Conjurations
  5916 | D:5      | Your scales start taking on a glossy black colour.
  5916 | D:5      | Reached XP level 7. HP: 21/50 MP: 5/12
  5916 | D:5      | Gained mutation: You are resistant to electric shocks.
                  | (rElec) [Black Draconian growth]
  5992 | D:5      | Reached * piety under Vehumet
  5992 | D:5      | Offered knowledge of Shock by Vehumet.
  5995 | D:5      | Learned a level 1 spell: Shock
  6135 | D:5      | Noticed Prince Ribbit
  6455 | D:4      | Slain by Prince Ribbit

Levels and vault maps discovered:
D:1:      minmay_arrival_plants_in_alcoves, layout_loops_ring
D:2:      layout_basic, grunt_temple_overflow_order_and_chaos_1,
          nemelex_xobeh_ov_fountains_minmay, lemuel_round_altar,
          marbit_many_paths, first_ration, hex_large
D:3:      wander_river, layout_basic, gammafunk_ghost_nasty_kobolds, uniq_robin,
          uniq_natasha
D:4:      layout_basic, nicolae_qazlal_style_of_elements,
          minmay_temple_entry_glass, gammafunk_ghost_grave
D:5:      layout_basic, nicolae_tso_besieged_by_evil, uniq_prince_ribbit1
Temple:   dpeg_three_leaves_temple

Skill      XL: |  1  2  3  4  5  6 |
---------------+-------------------+-----
Spellcasting   | 3 |  3.7
Conjurations   | 5 6 |  6.5
Air Magic      | 1 4 |  4.4
Poison Magic   | 1 3 |  3.0
Dodging        | |  1.7
Stealth        | |  1.7

Action                   |  1- 3 |  4- 6 |  7- 9 || total
-------------------------+-------+-------+-------++-------
Melee: Spear             |    64 |    66 |    16 ||   146
       Tailslap          |     3 |     3 |     1 ||     7
 Cast: Magic Dart        |    24 |    55 |    20 ||    99
       Searing Ray       |     5 |    25 |     2 ||    32
       Shock             |       |       |     2 ||     2
       Mephitic Cloud    |       |       |     1 ||     1
 Abil: Breathe Lightning |       |       |     3 ||     3
  Use: Scroll            |       |     1 |     2 ||     3
 Stab: Sleeping          |     4 |     2 |       ||     6
  Eat: Chunk             |     4 |    12 |       ||    16
       Ration            |       |       |     1 ||     1
Armor: Skin              |    22 |    13 |    10 ||    45
Dodge: Dodged            |    32 |    47 |     9 ||    88

Table legend:
 A = Non-vault XP
 B = Vault XP
 C = Vault XP percentage of total XP
 D = Non-vault monster count
 E = Vault monster count
 F = Vault count percentage of total count
                 A         B        C        D         E       F
            +---------+---------+-------+---------+---------+-------
      Total |     827 |     132 |  13.8 |      91 |      22 |  19.5
            +---------+---------+-------+---------+---------+-------
        D:1 |      41 |       0 |   0.0 |      17 |       0 |   0.0
        D:2 |      42 |      14 |  25.0 |      13 |       7 |  35.0
        D:3 |      80 |      62 |  43.7 |      23 |       8 |  25.8
        D:4 |     277 |       0 |   0.0 |      23 |       0 |   0.0
        D:5 |     387 |      56 |  12.6 |      15 |       7 |  31.8
            +---------+---------+-------+---------+---------+-------
